 Dungeon Crawl Stone Soup version 0.28-a0-657-g71136c5590 (webtiles) character file.

Game seed: 12527242507877710303

1994 KristoblXynda the Ducker (level 9, -2/65 HPs)
             Began as a Vampire Gladiator on Oct 13, 2021.
             Killed from afar by a steam dragon (19 damage)
             ... with a ball of steam
             ... on level 6 of the Dungeon.
             The game lasted 00:08:33 (5196 turns).

KristoblXynda the Ducker (Vampire Gladiator)        Turns: 5196, Time: 00:08:34

Health: -2/65      AC:  9    Str: 16    XL:     9   Next: 1%
Magic:  9/9        EV: 14    Int: 10    God:
Gold:   130        SH:  0    Dex: 16    Spells: 8/8 levels left

rFire   . . .      SeeInvis +   a - +0 long sword
rCold   . . .      Faith    .   (no shield)
rNeg    . . .      Spirit   .   j - +0 ring mail
rPois   .          Reflect  .   c - +0 helmet
rElec   .          Harm     .   i - +0 cloak
rCorr   .          Rampage  .   (no gloves)
Will    .....                   e - +0 pair of boots
Stlth   +++.......              (no amulet)
HPRegen 0.40/turn               (no ring)
MPRegen 0.11/turn               (no ring)

@: healing quickly
A: alive, fangs 3, see invisible, vampiric 2
a: Exsanguinate


You were on level 6 of the Dungeon.
You visited 1 branch of the dungeon, and saw 6 of its levels.
You also visited: Ossuary.

You collected 130 gold pieces.

Inventory:

Hand Weapons
 a - a +0 long sword (weapon)
Missiles
 d - 3 throwing nets (quivered)
Armour
 c - a +0 helmet (worn)
 e - a +0 pair of boots (worn)
 i - a +0 cloak (worn)
 j - a +0 ring mail (worn)
Scrolls
 f - a scroll of enchant armour
 g - a scroll of brand weapon {unknown}
 h - 2 scrolls of summoning {unknown}
 k - 2 scrolls of amnesia
 m - a scroll of blinking {unknown}
 r - a scroll of identify
 s - a scroll of noise {unknown}
 t - 4 scrolls of teleportation
Potions
 b - a potion of heal wounds
 l - a potion of invisibility
 n - a potion of might
 o - a potion of haste
 p - a potion of magic {unknown}
 q - a potion of attraction
 u - a potion of cancellation {unknown}
 w - 4 potions of curing
 x - a potion of ambrosia


   Skills:
 - Level 4.0 Fighting
 + Level 6.6 Long Blades
 - Level 2.0 Throwing
 + Level 4.5 Armour
 + Level 7.2 Dodging
 + Level 6.4 Stealth


You had 8 spell levels left.
You didn't know any spells.
Your spell library contained the following spells:

 Spells                   Type           Power      Damage    Failure   Level
 Animate Skeleton         Necr           0%         N/A       56%         1
 Pain                     Necr           0%         1d4       56%         1
 Dazzling Flash           Conj/Hex       0%         N/A       90%         3
 Vampiric Draining        Necr           0%         2d6       90%         3
 Agony                    Necr           0%         N/A       100%        5
 Silence                  Hex/Air        0%         N/A       100%        5


Dungeon Overview and Level Annotations

Branches:
Dungeon (6/15)            Ossuary (visited)
 Temple: D:4-7

Altars:
Kikubaaqudgha
Trog

Shops:
D:2 (   D:4 [


Innate Abilities, Weirdness & Mutations

Your natural rate of healing is accelerated.
You have razor-sharp teeth.
You have supernaturally acute eyesight. (SInv)
You are afflicted with vampirism and can become a bat while bloodless.


Message History

The ogre closely misses you.
You hit the ogre.
You kill the ogre!
A gnoll comes into view. It is wielding a +0 whip.
You have reached level 9!
Your experience leads to an increase in your attributes!
Increase (S)trength, (I)ntelligence, or (D)exterity?
You feel stronger.
You aren't carrying any items that you can evoke.
Unknown command.
The gnoll shouts!
You hit the steam dragon.
The steam dragon is moderately wounded.
You hear a shout!
A gnoll comes into view. It is wielding a +0 spear.
The steam dragon bites you. The steam dragon completely misses you.
You slash the steam dragon! You bite the steam dragon.
The steam dragon is almost dead.
The steam dragon breathes steam at you. The ball of steam hits you!
You hit the steam dragon but do no damage.
The steam dragon is almost dead.
You are engulfed in a cloud of scalding steam.
The gnoll hits you from afar with a +0 spear.
The steam dragon bites you but does no damage.
The steam dragon claws you but does no damage.
You closely miss the steam dragon.
You bite the steam dragon, but do no damage.
The steam dragon is severely wounded.
You are engulfed in a cloud of scalding steam.
The gnoll hits you but does no damage. The steam dragon misses you.
The steam dragon closely misses you.
You closely miss the steam dragon.
The steam dragon is severely wounded.
You are engulfed in a cloud of scalding steam.
* * * LOW HITPOINT WARNING * * *
The gnoll misses you. The steam dragon breathes steam at you.
The ball of steam hits you!!
You die...

### ... .. .. ######
.###....# gg#.##.# .
#D#.##.# ...
#@#....# .
.....#§###..# ..
......§§.....####..#
#+#...§.§§........#
######§###......#
#.###......#
#..........#
#..#########
#......#


You could see a steam dragon (catching breath) and 2 gnolls.

Vanquished Creatures
  Sigmund (D:4)
  The ghost of Silenceoftheyaks the Insei, an amateur OpWr (D:4)
  A black bear (D:5)
  A necrophage (D:5)
  An ogre (D:6)
  A centaur (D:4)
  A bullfrog (D:5)
  A scorpion (D:5)
  A wyvern zombie (Ossuary)
  3 water moccasin zombies (Ossuary)
  A howler monkey (D:5)
  2 bullfrog zombies (Ossuary)
  A bullfrog skeleton (D:6)
  7 centaur zombies (Ossuary)
  A jelly (D:4)
  14 mummies (Ossuary)
  A gnoll shaman (D:5)
  Natasha (twice) (D:2)
  3 iguanas
  An orc wizard (D:5)
  2 howler monkey zombies (Ossuary)
  4 gnolls
  A howler monkey skeleton (D:4)
  8 adders
  A shadow imp (D:5)
  An adder skeleton (D:5)
  A worm (D:4)
  3 dart slugs
  6 orcs
  6 ball pythons
  5 bats (D:1)
  6 endoplasms
  3 giant cockroaches
  3 goblins
  8 hobgoblins
  6 quokkas
  4 frilled lizards
  8 kobolds
  8 rats
129 creatures vanquished.

Vanquished Creatures (others)
  9 withered plants (Ossuary)
9 creatures vanquished.

Grand Total: 138 creatures vanquished

Notes
Turn   | Place    | Note
-------+----------+-------------------------------------------
     0 | D:1      | KristoblXynda the Vampire Gladiator began the quest for the
                  | Orb.
     0 | D:1      | Reached XP level 1. HP: 16/16 MP: 1/1
   137 | D:1      | Found a faded altar of an unknown god.
   232 | D:1      | Reached XP level 2. HP: 21/22 MP: 2/2
   404 | D:1      | Gained mutation: You are afflicted with vampirism and can
                  | become a bat while bloodless. [Vampire growth]
   404 | D:1      | Reached XP level 3. HP: 26/27 MP: 3/3
  1314 | D:2      | Noticed Natasha
  1325 | D:2      | Killed Natasha
  1326 | D:2      | Reached XP level 4. HP: 34/34 MP: 4/4
  1374 | D:2      | Reached skill level 4 in Dodging
  1658 | D:2      | Found Qegofro's Weapon Shop.
  1658 | D:2      | Noticed Natasha
  1666 | D:2      | Killed Natasha
  1667 | D:2      | Reached skill level 1 in Armour
  2000 | D:3      | Reached XP level 5. HP: 39/39 MP: 5/5
  2237 | D:3      | Found a bloodstained altar of Trog.
  2528 | D:4      | Found Geg Hual's Antique Armour Shoppe.
  2625 | D:4      | Found a runed translucent door.
  2625 | D:4      | Noticed Silenceoftheyaks's ghost (amateur OpWr)
  2660 | D:4      | Noticed Sigmund
  2668 | D:4      | Killed Sigmund
  2669 | D:4      | Reached XP level 6. HP: 46/47 MP: 6/6
  2730 | D:4      | Found a sand-covered staircase.
  2737 | Ossuary  | Entered an ossuary
  2778 | Ossuary  | Reached skill level 5 in Dodging
  2813 | Ossuary  | Reached XP level 7. HP: 37/53 MP: 7/7
  2988 | Ossuary  | Reached skill level 5 in Long Blades
  3009 | Ossuary  | Reached skill level 1 in Stealth
  3230 | Ossuary  | Reached skill level 6 in Dodging
  3290 | Ossuary  | Reached XP level 8. HP: 59/60 MP: 8/8
  3485 | D:4      | Found an ancient bone altar of Kikubaaqudgha.
  3814 | D:4      | Killed Silenceoftheyaks's ghost
  3853 | D:5      | Entered Level 5 of the Dungeon
  3931 | D:5      | Reached skill level 5 in Stealth
  4399 | D:5      | Reached skill level 7 in Dodging
  5192 | D:6      | Reached XP level 9. HP: 65/65 MP: 9/9
  5196 | D:6      | Killed from afar by a steam dragon

Illustrated notes

Levels and vault maps discovered:
D:1:      eino_arrival_tree_alley, layout_basic,
          hellmonk_ecumenical_altar_slurped_away
D:2:      layout_loops_ring, serial_shops, nicolae_shop_statue_plus,
          uniq_natasha
D:3:      layout_rooms, bloody_trog
D:4:      layout_loops_cross, mainiacjoe_overflow_paths,
          chequers_ossuary_entry_cave, serial_shops, nicolae_shop_waterfront,
          hellmonk_ghost_happy_afterlife, uniq_sigmund
D:5:      layout_rooms, grunt_decor_one_mirror, minmay_hedge_maze,
          lemuel_flamethrower_1
D:6:      layout_basic, minmay_temple_entry_mini_moons, serial_shops, shop,
          gammafunk_ghost_nasty_kobolds, uniq_edmund

Skill      XL: |  1  2  3  4  5  6  7  8 |
---------------+-------------------------+-----
Fighting       | 2 3 4 |  4.0
Throwing       | 2 |  2.0
Dodging        | 4 5 6 7 |  7.2
Armour         | 1 2 3 4 |  4.5
Long Blades    | 4 5 6 |  6.6
Stealth        | 3 6 |  6.4

Action                   |  1- 3 |  4- 6 |  7- 9 || total
-------------------------+-------+-------+-------++-------
Melee: Long sword        |    66 |   156 |   320 ||   542
       Bite              |     5 |    15 |    48 ||    68
Throw: Throwing net      |       |     2 |       ||     2
Evoke: Wand              |       |     1 |       ||     1
  Use: Scroll            |       |     6 |     9 ||    15
       Potion            |       |     2 |     2 ||     4
 Stab: Sleeping          |     4 |       |     4 ||     8
       Distracted        |       |       |     1 ||     1
Armor: Leather armour    |    22 |       |       ||    22
       Ring mail         |     6 |    63 |   160 ||   229
Dodge: Dodged            |    52 |   116 |   281 ||   449

Table legend: (Time is in decaauts)
 A = Elapsed time spent in this place.
 B = Non-inter-level travel time spent in this place.
 C = Inter-level travel time spent in this place.
 D = Time resting spent in this place.
 E = Time spent auto-exploring this place.
 F = Levels seen in this place.
 G = Mean time per level.
                   A        B        C        D        E       F      G
               +--------+--------+--------+--------+--------+-----+--------+
         Total |   5353 |   5116 |    237 |    815 |   2944 |   7 |  764.7 |
       Dungeon |   4595 |   4358 |    237 |    613 |   2792 |   6 |  765.8 |
       Ossuary |    757 |    757 |      0 |    202 |    152 |   1 |  757.0 |
               +--------+--------+--------+--------+--------+-----+--------+

Top non-repeatable levels by time:
     D:1: 1297 daAuts
     D:4: 1253 daAuts
     D:5: 876 daAuts
 Ossuary: 757 daAuts
     D:2: 676 daAuts
     D:3: 435 daAuts
     D:6: 56 daAuts
